 Dungeon Crawl Stone Soup version 0.31-a0-431-g88bdf31460 (webtiles) character file.

Game seed: 1477349457078070136

84 holysushi the Cutter (level 4, -1/35 HPs)
             Began as a Demonspawn Monk on July 31, 2023.
             Slain by a sleepcap (13 damage)
             ... on level 3 of the Dungeon.
             The game lasted 00:02:00 (2141 turns).

holysushi the Cutter (Demonspawn Monk)              Turns: 2141, Time: 00:02:00

Health: -1/35      AC:  2    Str: 11    XL:     4   Next: 24%
Magic:  4/4        EV:  2    Int: 12    God:
Gold:   66         SH:  0    Dex: 17    Spells: 3/3 levels left

rFire   . . .        j - +2 dagger (venom)
rCold   + . .        (no shield)
rNeg    . . .        b - +0 robe
rPois   .            (no helmet)
rElec   .            (no cloak)
rCorr   .            (no gloves)
SInv    .            (no boots)
Will    .....        (no amulet)
Stlth   +            r - ring of protection from cold
HPRegen 0.25/turn    (no ring)
MPRegen 0.09/turn

%: no passive effects
@: confused, sleeping, ambrosia-drunk
A: weakness stinger 1
a: no special abilities


You were on level 3 of the Dungeon.
You visited 1 branch of the dungeon, and saw 3 of its levels.

You collected 66 gold pieces.

Inventory:

Hand Weapons
 a - a +0 short sword
 j - a +2 dagger of venom (weapon)
 u - a +0 rapier
Armour
 b - a +0 robe (worn)
Jewellery
 r - a ring of protection from cold (left hand)
Wands
 t - a wand of mindburst (12)
Scrolls
 e - 2 scrolls of amnesia {unknown}
 h - a scroll of immolation {unknown}
 k - 3 scrolls of teleportation {unknown}
 n - a scroll of vulnerability {unknown}
 o - a scroll of identify {unknown}
 p - a scroll of fog {unknown}
 s - a scroll of acquirement {unknown}
Potions
 d - a potion of haste {unknown}
 f - 2 potions of heal wounds {unknown}
 g - a potion of lignification {unknown}
 i - a potion of enlightenment {unknown}
 l - a potion of mutation {unknown}
 m - a potion of attraction {unknown}
 q - 2 potions of curing {unknown}


   Skills:
 - Level 3.0 Fighting
 + Level 4.6 Short Blades
 - Level 2.6 Dodging


You had 3 spell levels left.
You didn't know any spells.
Your spell library contained the following spells:

 Spells                   Type           Power      Damage    Failure   Level
 Blink                    Tloc           0%         N/A       45%         2
 Lesser Beckoning         Tloc           0%         N/A       45%         2
 Momentum Strike          Conj/Tloc      0%         3d8       45%         2


Dungeon Overview and Level Annotations

Branches:
Dungeon (3/15) Zot: 15878

Altars:


Innate Abilities, Weirdness & Mutations

You have a small tail.


Message History

The sleepcap is lightly damaged.
You hit the sleepcap.
The sleepcap is moderately damaged.
The sleepcap closely misses you.
You hit the sleepcap but do no damage.
You tail-slap the sleepcap, but do no damage.
The sleepcap is moderately damaged.
The sleepcap closely misses you.
You completely miss the sleepcap.
You tail-slap the sleepcap, but do no damage.
The sleepcap is moderately damaged.
The sleepcap releases spores at you.
You are engulfed in a cloud of soporific spores!
You fall asleep.
You wake up.
You hit the sleepcap but do no damage.
The sleepcap is poisoned.
The sleepcap is moderately damaged.
You hit the sleepcap but do no damage.
The sleepcap is moderately damaged.
The sleepcap releases spores at you!
You are engulfed in a cloud of soporific spores!
You are unaffected.
You hit the sleepcap.
The sleepcap is heavily damaged.
The sleepcap releases spores at you. The sleepcap attacks as you move away!
The sleepcap closely misses you. The sleepcap attacks as you move away!
The sleepcap releases spores at you!
* * * LOW HITPOINT WARNING * * *
The sleepcap attacks as you move away! The sleepcap releases spores at you.
* * * LOW HITPOINT WARNING * * *
You hit the sleepcap.
The sleepcap is severely damaged.
The sleepcap barely misses you.
You are confused.
You feel invigorated. The sleepcap releases spores at you.
* * * LOW HITPOINT WARNING * * *
You are engulfed in a cloud of soporific spores!
You fall asleep.
The sleepcap releases spores at you!
You die...

#.# #.#.###.##># ..#
#.#.###.##.# ###
#.#.....##.# #
#.#.##..##.#####.###
#.#.##..##.##......# #
#.#.##..##.##.##.# # ##
#..........##....#>#
.####...##.######f.....###
.'..............@........+
.####...##.######......###
## ##.........##......# #
#.###.###.###.##.#.# #.#
#.# #.# #.. ###.# #.###.#
#.# #### ## #.#.^.# #.#
#.#.### #.# #.#.# #.#


You could see a sleepcap (poisoned).

Vanquished Creatures
  An iguana (D:3)
  An adder (D:3)
  A worm (D:3)
  2 dart slugs
  An orc (D:3)
  4 endoplasms
  3 giant cockroaches
  A goblin (D:1)
  5 hobgoblins
  6 jackals
  2 kobolds
  A quokka (D:3)
  3 ball pythons
  2 bats
  4 frilled lizards
  2 rats
39 creatures vanquished.

Notes
Turn   | Place    | Note
-------+----------+-------------------------------------------
     0 | D:1      | holysushi the Demonspawn Monk began the quest for the Orb.
     0 | D:1      | Reached XP level 1. HP: 18/18 MP: 1/1
    65 | D:1      | Reached skill level 3 in Short Blades
   238 | D:1      | Discovered your monstrous ancestry.
   238 | D:1      | Gained mutation: You have a small tail. [demonic ancestry]
   238 | D:1      | Reached XP level 2. HP: 21/24 MP: 2/2
  1058 | D:2      | Found a faded altar of an unknown god.
  1097 | D:2      | Reached XP level 3. HP: 28/29 MP: 3/3
  1595 | D:2      | Reached skill level 4 in Short Blades
  1830 | D:3      | Identified the +3 mace of Purpose {spect, rF+ rCorr Int+2
                  | Dex-5}
  1872 | D:3      | Reached XP level 4. HP: 35/35 MP: 4/4
  2141 | D:3      | Slain by a sleepcap

Illustrated notes

Levels and vault maps discovered:
D:1:      ncdulo_watergridlock, layout_loops_corners
D:2:      layout_loops_ring, shapermc_ecumenical_altar_acropolis, nrook_campfire
D:3:      layout_loops_corners, mainiacjoe_overflow_alcove_1

Skill      XL: |  1  2  3 |
---------------+----------+-----
Short Blades   | 3 4 |  4.6
Fighting       | |  3.0
Dodging        | |  2.6

Action                     |  1- 3 |  4- 6 || total
---------------------------+-------+-------++-------
  Melee: Short sword       |    44 |       ||    44
         Punch             |     3 |       ||     3
         Dagger            |    50 |    19 ||    69
         Tailslap          |    12 |     6 ||    18
    Use: Potion            |       |     1 ||     1
   Stab: Sleeping          |     3 |       ||     3
 Armour: Robe              |    14 |     1 ||    15
  Dodge: Dodged            |    52 |     5 ||    57

Table legend: (Time is in decaauts)
 A = Elapsed time spent in this place.
 B = Non-inter-level travel time spent in this place.
 C = Inter-level travel time spent in this place.
 D = Time resting spent in this place.
 E = Time spent auto-exploring this place.
 F = Levels seen in this place.
 G = Mean time per level.
                   A        B        C        D        E       F      G
               +--------+--------+--------+--------+--------+-----+--------+
         Total |   2120 |   2071 |     49 |    171 |   1524 |   3 |  706.7 |
       Dungeon |   2120 |   2071 |     49 |    171 |   1524 |   3 |  706.7 |
               +--------+--------+--------+--------+--------+-----+--------+

Top non-repeatable levels by time:
     D:1: 973 daAuts
     D:2: 644 daAuts
     D:3: 502 daAuts
